 Dungeon Crawl Stone Soup version 0.24.0-1-gfbc8707122 (webtiles) character file.

Game seed: 18005196966259046185, levelgen mode: deterministic

144 Emblim88 the Sneak (level 5, -2/31 HPs)
             Began as an Octopode Enchanter on Oct 25, 2019.
             Slain by a centaur (10 damage)
             ... on level 3 of the Dungeon.
             The game lasted 00:07:37 (2813 turns).

Emblim88 the Sneak (Octopode Enchanter)             Turns: 2813, Time: 00:07:37

Health: -2/31      AC:  1    Str: 13    XL:     5   Next: 26%
Magic:  7/8        EV: 14    Int: 18    God:
Gold:   149        SH:  0    Dex: 13    Spells: 3/9 levels left

rFire    . . .     SeeInvis .   a - +1 dagger
rCold    . . .     Gourm    .   (no shield)
rNeg     . . .     Faith    .   (helmet restricted)
rPois    .         Spirit   .   (no amulet)
rElec    .         Reflect  .   l - +6 ring of strength
rCorr    .         Harm     .   (no ring)
MR       .....                  (no ring)
Stlth    ++++......             (no ring)
HPRegen  0.10/turn              (no ring)
MPRegen  0.11/turn              (no ring)
                                (no ring)
                                (no ring)

@: no status effects
A: almost no armour, stealthy swim, amphibious, 8 rings, constrict 8, camouflage
1, gelatinous body 1
a: no special abilities


You were on level 3 of the Dungeon.
You were not hungry.

You visited 1 branch of the dungeon, and saw 3 of its levels.

You collected 149 gold pieces.

Inventory:

Hand Weapons
 a - a +1 dagger (weapon)
Jewellery
 l - a +6 ring of strength (left tentacle)
 m - a cursed -3 ring of evasion {unknown}
Scrolls
 b - a scroll of amnesia {unknown}
 e - 5 scrolls of teleportation {unknown}
 g - a scroll of immolation {unknown}
 n - a scroll of enchant armour {unknown}
Potions
 d - a potion of curing {unknown}
 f - a potion of magic {unknown}
 h - a potion of cancellation {unknown}
 i - a potion of brilliance {unknown}
 j - 2 potions of mutation {unknown}
 k - a potion of haste {unknown}
 o - a potion of degeneration {unknown}
Comestibles
 c - 2 rations


   Skills:
 + Level 2.1 Short Blades
 + Level 2.6 Dodging
 * Level 5.9 Stealth
 + Level 2.6 Spellcasting
 + Level 3.4 Hexes


You had 3 spell levels left.
You knew the following spells:

 Your Spells              Type           Power        Failure   Level  Hunger
a - Corona                Hex            ##.....      4%          1    #......
b - Ensorcelled Hibernat  Hex/Ice        #.....       13%         2    ##.....
c - Confuse               Hex            ##......     12%         3    ###....

Your spell library contained the following spells:

 Spells                   Type           Power        Failure   Level  Hunger
 Tukima's Dance           Hex            ##......     12%         3    ###....
 Dazzling Spray           Conj/Hex       #.....       26%         3    ###....


Dungeon Overview and Level Annotations

Branches:
Dungeon (3/15)

Altars:
Qazlal
Vehumet
Xom


Innate Abilities, Weirdness & Mutations

You cannot wear most types of armour.
You are very stealthy in the water. (Stealth+)
You are amphibious.
You can wear up to eight rings at the same time.
You can use your tentacles to constrict eight enemies at once.
Your skin changes colour to match your surroundings (Stealth+).
Your rubbery body absorbs attacks. (AC +1, EV +1)


Message History

The gnoll is severely wounded.
You constrict the gnoll. The gnoll misses you.
You hit the gnoll.
The gnoll is almost dead.
You constrict the gnoll.
You kill the gnoll!
The centaur wields a +0 shortbow.
The centaur shoots an arrow.
The arrow hits you.
You closely miss the rat. Your grab misses the rat.
Your squeeze misses the rat. You hit the rat. You grab the rat.
You squeeze the rat.
You kill the rat!
The centaur shoots an arrow.
The arrow hits you!
The centaur unwields a +0 shortbow.
The centaur closely misses you.
Things that are here:
a +0 whip; a rat corpse You completely miss the centaur.
The centaur hits you!
* * * LOW HITPOINT WARNING * * *
The centaur hits you!
You die...

....##..#..
..%.....#. ........#.
.........#
.........## #
..........###.#
.....r.c#..... #@#..#
#(..# .. #..## #.#
#..# #.# #. #..# #.#
###. #..## ##.#
###... #...# #..#
#..○..## #...## ##..#
#°..°..########.#..##
##...'


You could see a centaur and a rat.

Vanquished Creatures
  A hound skeleton (D:3)
  3 gnolls (D:3)
  2 adders
  An ooze (D:3)
  2 worms
  A dart slug (D:1)
  2 leopard geckos
  2 ball pythons
  5 bats
  3 giant cockroaches (D:1)
  9 goblins
  5 hobgoblins
  7 jackals
  10 kobolds
  A quokka (D:2)
  8 frilled lizards
  10 rats
72 creatures vanquished.

Notes
Turn   | Place    | Note
-------+----------+-------------------------------------------
     0 | D:1      | Emblim88 the Octopode Enchanter began the quest for the
                  | Orb.
     0 | D:1      | Reached XP level 1. HP: 11/11 MP: 3/3
    32 | D:1      | Reached XP level 2. HP: 17/17 MP: 5/5
   352 | D:1      | Reached XP level 3. HP: 20/21 MP: 6/6
  1179 | D:2      | Reached skill level 5 in Stealth
  1539 | D:2      | Reached XP level 4. HP: 27/27 MP: 7/7
  1565 | D:2      | Found a shimmering altar of Xom.
  1670 | D:2      | Learned a level 2 spell: Ensorcelled Hibernation
  1674 | D:2      | Learned a level 3 spell: Confuse
  2343 | D:3      | Noticed a fire elemental
  2613 | D:3      | Found a stormy altar of Qazlal.
  2614 | D:3      | Noticed an earth elemental
  2615 | D:3      | Noticed a water elemental
  2616 | D:3      | Noticed an air elemental
  2648 | D:3      | Reached XP level 5. HP: 21/31 MP: 8/8
  2759 | D:3      | Found a radiant altar of Vehumet.
  2802 | D:3      | Noticed a centaur
  2813 | D:3      | Slain by a centaur

Levels and vault maps discovered:
D:1:      arrival_zaba_pyramid, layout_basic
D:2:      layout_loops_ring, first_ration, kennysheep_pointless_box,
          lemuel_altar_in_water2
D:3:      layout_basic, nicolae_qazlal_style_of_elements,
          gammafunk_temple_overflow_claw, fiery_altar_vehumet,
          minmay_misc_feat_x, minivault_23, uniq_jessica

Skill      XL: |  1  2  3  4 |
---------------+-------------+-----
Stealth        | 5 |  5.9
Short Blades   | 2 |  2.1
Dodging        | |  2.6
Spellcasting   | |  2.6
Hexes          | |  3.4

Action                   |  1- 3 |  4- 6 || total
-------------------------+-------+-------++-------
Melee: Dagger            |    87 |    55 ||   142
       Constrict         |    22 |    13 ||    35
       Tentacles         |    12 |     9 ||    21
 Cast: Ensorcelled Hiber |       |     6 ||     6
 Stab: Sleeping          |    10 |    13 ||    23
       Distracted        |     1 |       ||     1
  Eat: Ration            |     1 |     1 ||     2
Armor: Skin              |     6 |     4 ||    10
Dodge: Dodged            |    53 |    21 ||    74
